 Dungeon Crawl Stone Soup version bcrawl-1.28.5 (webtiles) character file.

Game seed: 5537325817177204467

224822 pasperui the Insei (level 5, 0/41 HPs)
             Began as a Gnoll Transmuter on Jan 30, 2021.
             Slain by a gnoll
             ... wielding a +0 flail
              (17 damage)
             ... on level 3 of the Dungeon on Feb 5, 2021.
             The game lasted 00:06:16 (1425 turns).

pasperui the Insei (Gnoll Transmuter)               Turns: 1425, Time: 00:06:16

Health: 0/41       AC:  2    Str: 13    XL:     5   Next: 64%
Magic:  12/12      EV: 15    Int: 16    God:
Gold:   160        SH:  0    Dex: 15    Spells: 13/14 levels left

rFire    . . .     SeeInvis .     - Fists (11.1)
rCold    . . .     Gourm    .   (no shield)
rNeg     . . .     Faith    .   b - +0 robe
rPois    .         Spirit   .   (helmet currently unavailable)
rElec    .         Reflect  .   (no cloak)
rCorr    .         Harm     .   (no gloves)
MR       +....                  (no boots)
Stlth    ++........             (no amulet)
HPRegen  0.13/turn              s - ring of protection from magic
MPRegen  0.13/turn              (no ring)

@: appendage (expiring)
A: distributed training, fangs 1, horns 3, strong nose
a: End Transformation


You were on level 3 of the Dungeon.
You were not hungry.
You had grown temporary horns.
You visited 1 branch of the dungeon, and saw 3 of its levels.

You collected 160 gold pieces.

Inventory:

Hand Weapons
 o - a +0 club
Missiles
 a - 120 arrows
 h - 439 stones (quivered)
 p - 240 bolts
 w - 26 poisoned needles
Armour
 b - a +0 robe (worn)
 n - a +0 helmet
 v - a cursed +0 cloak
Magical Staves
 t - an uncursed staff of death {unknown}
Jewellery
 s - a ring of protection from magic (left hand)
Scrolls
 g - a scroll of remove curse {unknown}
 i - a scroll of amnesia {unknown}
 j - 2 scrolls of teleportation {unknown}
 k - a scroll of noise {unknown}
 m - a scroll of fear {unknown}
 q - 2 scrolls of identify
Potions
 d - a potion of lignification
 f - a potion of agility {unknown}
 l - a potion of mutation {unknown}
 r - a potion of might {unknown}
 u - a potion of flight {unknown}
Comestibles
 c - 7 chunks of flesh
 e - 4 rations {!d}


   Skills:
 + Level 3.0 Fighting
 + Level 1.5 Short Blades
 + Level 1.5 Long Blades
 + Level 1.5 Axes
 + Level 1.5 Maces & Flails
 + Level 1.5 Polearms
 + Level 1.5 Staves
 + Level 1.5 Slings
 + Level 1.5 Bows
 + Level 1.5 Crossbows
 + Level 1.5 Throwing
 + Level 1.5 Armour
 + Level 4.8 Dodging
 + Level 1.5 Stealth
 + Level 1.5 Shields
 + Level 6.7 Unarmed Combat
 + Level 5.2 Spellcasting
 + Level 1.2 Conjurations
 + Level 1.2 Hexes
 + Level 1.2 Charms
 + Level 1.2 Summonings
 + Level 1.2 Necromancy
 + Level 1.2 Translocations
 + Level 4.0 Transmutations
 + Level 1.2 Fire Magic
 + Level 1.2 Ice Magic
 + Level 1.2 Air Magic
 + Level 1.2 Earth Magic
 + Level 1.2 Poison Magic
 + Level 1.7 Invocations
 + Level 1.5 Evocations


You had 13 spell levels left.
You knew the following spells:

 Your Spells              Type           Power        Failure   Level  Hunger
a - Beastly Appendage     Tmut           ###...       3%          1    None

Your spell library contained the following spells:

 Spells                   Type           Power        Failure   Level  Hunger
 Sticks to Snakes         Tmut           ###.....     4%          2    None
 Passwall                 Tmut/Erth      ##......     8%          2    None
 Spider Form              Tmut/Pois      ##.          16%         3    ###....
 Ice Form                 Ice/Tmut       ##......     45%         4    ####...
 Blade Hands              Tmut           ###.......   63%         5    ######.


Dungeon Overview and Level Annotations

Branches:
Dungeon (3/12)

Altars:
Fedhas
Okawaru
Ru
Trog
Zin
The Shining One


Innate Abilities, Weirdness & Mutations

Your experience applies equally to all skills.
You have very sharp teeth.
Your uncanny sense of smell can sniff out nearby items.
You have a pair of large horns on your head.


Message History

The gnoll hits you!
You hit the gnoll but do no damage. You headbutt the gnoll.
You kill the gnoll!
You see here a goblin skeleton.
There isn't anything to butcher here.
You see here a +0 spear.
A gnoll comes into view. It is wielding a +0 flail.
The gnoll shouts!
You hear a shout!
Your transformation is almost over.
The gnoll misses you.
You hit the gnoll.
The gnoll is lightly wounded.
The gnoll misses you.
You barely miss the gnoll. Your headbutt misses the gnoll.
Your bite misses the gnoll.
The gnoll is lightly wounded.
You barely miss the gnoll.
The gnoll is lightly wounded.
The gnoll hits you with a +0 flail!
You die...

#. #.# ##.## ##...# ∆
#.... #... ∆
#.#.###.############.
.............@g......
######)#############
#.# #.# ### ### #.#
#.. ..# #.# #.# #.#
### #.# #.# #.# ..#
####÷#######.### #.#
#.# ##......<.......#
#.#


You could see a gnoll.

Vanquished Creatures
  2 orc priests (D:3)
  Robin (D:2)
  An adder (D:2)
  2 gnolls (D:3)
  2 oozes
  A worm (D:2)
  3 dart slugs
  3 leopard geckos
  2 orcs (D:3)
  2 ball pythons (D:2)
  5 bats
  A giant cockroach (D:1)
  10 hobgoblins
  A jackal (D:1)
  5 kobolds
  2 frilled lizards (D:1)
  18 goblins
  5 rats
66 creatures vanquished.

Notes
Turn   | Place    | Note
-------+----------+-------------------------------------------
     0 | D:1      | pasperui the Gnoll Transmuter began the quest for the Orb.
     0 | D:1      | Reached XP level 1. HP: 17/17 MP: 6/6
    88 | D:1      | Reached XP level 2. HP: 23/23 MP: 5/7
   277 | D:1      | Reached XP level 3. HP: 18/28 MP: 7/9
   424 | D:1      | Reached skill level 5 in Spellcasting
   717 | D:2      | Reached skill level 1 in Invocations
   820 | D:2      | Reached skill level 1 in Short Blades
   820 | D:2      | Reached skill level 1 in Long Blades
   820 | D:2      | Reached skill level 1 in Axes
   820 | D:2      | Reached skill level 1 in Maces & Flails
   820 | D:2      | Reached skill level 1 in Polearms
   820 | D:2      | Reached skill level 1 in Staves
   820 | D:2      | Reached skill level 1 in Slings
   820 | D:2      | Reached skill level 1 in Bows
   820 | D:2      | Reached skill level 1 in Crossbows
   820 | D:2      | Reached skill level 1 in Throwing
   820 | D:2      | Reached skill level 1 in Armour
   820 | D:2      | Reached skill level 1 in Stealth
   820 | D:2      | Reached skill level 1 in Shields
   820 | D:2      | Reached skill level 1 in Evocations
   820 | D:2      | Reached XP level 4. HP: 33/34 MP: 11/11
   899 | D:2      | Noticed Robin
   916 | D:2      | Killed Robin
   990 | D:2      | Found a glowing golden altar of the Shining One.
   992 | D:2      | Found a glowing silver altar of Zin.
   996 | D:2      | Found a bloodstained altar of Trog.
   997 | D:2      | Found a blossoming altar of Fedhas.
   997 | D:2      | Found an iron altar of Okawaru.
   999 | D:2      | Found a sacrificial altar of Ru.
  1039 | D:2      | Reached skill level 1 in Conjurations
  1039 | D:2      | Reached skill level 1 in Hexes
  1039 | D:2      | Reached skill level 1 in Charms
  1039 | D:2      | Reached skill level 1 in Summonings
  1039 | D:2      | Reached skill level 1 in Necromancy
  1039 | D:2      | Reached skill level 1 in Translocations
  1039 | D:2      | Reached skill level 1 in Fire Magic
  1039 | D:2      | Reached skill level 1 in Ice Magic
  1039 | D:2      | Reached skill level 1 in Air Magic
  1039 | D:2      | Reached skill level 1 in Earth Magic
  1039 | D:2      | Reached skill level 1 in Poison Magic
  1188 | D:3      | Reached XP level 5. HP: 40/40 MP: 10/12
  1425 | D:3      | Slain by a gnoll

Skill      XL: |  1  2  3  4  5 |
---------------+----------------+-----
Spellcasting   | 5 |  5.2
Invocations    | 1 |  1.7
Short Blades   | 1 |  1.5
Long Blades    | 1 |  1.5
Axes           | 1 |  1.5
Maces & Flails | 1 |  1.5
Polearms       | 1 |  1.5
Staves         | 1 |  1.5
Slings         | 1 |  1.5
Bows           | 1 |  1.5
Crossbows      | 1 |  1.5
Throwing       | 1 |  1.5
Armour         | 1 |  1.5
Stealth        | 1 |  1.5
Shields        | 1 |  1.5
Evocations     | 1 |  1.5
Conjurations   | 1 |  1.2
Hexes          | 1 |  1.2
Charms         | 1 |  1.2
Summonings     | 1 |  1.2
Necromancy     | 1 |  1.2
Translocations | 1 |  1.2
Fire Magic     | 1 |  1.2
Ice Magic      | 1 |  1.2
Air Magic      | 1 |  1.2
Earth Magic    | 1 |  1.2
Poison Magic   | 1 |  1.2
Fighting       | 3 |  3.0
Transmutations | 4 |  4.0
Dodging        | |  4.8
Unarmed Combat | |  6.7

Action                   |  1- 3 |  4- 6 || total
-------------------------+-------+-------++-------
Melee: Unarmed           |    85 |    67 ||   152
       Bite              |    10 |     3 ||    13
       Headbutt          |     8 |     7 ||    15
       Kick              |     5 |     3 ||     8
       Punch             |     1 |       ||     1
 Cast: Beastly Appendage |    12 |     7 ||    19
  Eat: Chunk             |     1 |     4 ||     5
Armor: Robe              |    16 |     3 ||    19
Dodge: Dodged            |    66 |    33 ||    99
